 Dungeon Crawl Stone Soup version 0.20.1-1-g8b1a95d (webtiles) character file.

42 rrRat the Skirmisher (level 3, -1/33 HPs)
             Began as a Draconian Berserker on Nov 2, 2017.
             Was a Believer of Trog.
             Slain by Sigmund
             ... wielding a +0 scythe
              (7 damage)
             ... on level 2 of the Dungeon.
             The game lasted 00:07:17 (1138 turns).

rrRat the Skirmisher (Draconian Berserker)          Turns: 1138, Time: 00:07:17

Health: -1/33      AC:  5    Str: 20    XL:     3   Next: 35%
Magic:  3/3        EV: 13    Int:  7    God:    Trog [**....]
Gold:   106        SH:  0    Dex: 10    Spells: 2/2 levels left

rFire    . . .     SeeInvis .   a - +1 spear
rCold    . . .     Gourm    .   (no shield)
rNeg     . . .     Faith    .   (armour unavailable)
rPois    .         Spirit   .   (helmet restricted)
rElec    .         Reflect  .   (no cloak)
rCorr    .         Harm     .   (no gloves)
MR       .....                  (no boots)
Stlth    +.........             n - amulet of rage
Regen    0.2/turn               d - +3 ring of intelligence
MPRegen  0.1/turn               e - -3 ring of intelligence (curse)

@: no status effects
A: unfitting armour, cold-blooded, AC +5
a: Berserk, Trog's Hand, Burn Spellbooks, Renounce Religion, Evoke Berserk Rage


You were on level 2 of the Dungeon.
You worshipped Trog.
Trog was pleased with you.
You were hungry.

You visited 1 branch of the dungeon, and saw 2 of its levels.

You collected 106 gold pieces.

Inventory:

Hand Weapons
 a - a +1 spear (weapon)
Jewellery
 d - a +3 ring of intelligence (left hand)
 e - a cursed -3 ring of intelligence (right hand)
 n - an amulet of rage (around neck)
Scrolls
 i - a scroll of remove curse
 l - a scroll of recharging {unknown}
 o - 2 scrolls of enchant weapon
Potions
 f - a potion of curing
 h - a potion of agility
 j - a potion of lignification
 m - a potion of brilliance {unknown}
Books
 g - a book of the Earth

   Spells                             Type                      Level
   a - Leda's Liquefaction            Hexes/Earth                  4
   b - Bolt of Magma                  Conjuration/Fire/Earth       5
   c - Statue Form                    Transmutation/Earth          6
   d - Iron Shot                      Conjuration/Earth            6
   e - Shatter                        Earth                        9
   Trog disapproves of the use of such an item.
Comestibles
 b - 2 bread rations
 c - 2 royal jellies
 k - 3 fruits


   Skills:
 + Level 4.0 Fighting
 + Level 3.5 Polearms
 + Level 3.1 Dodging


You had 2 spell levels left.
You didn't know any spells.

Dungeon Overview and Level Annotations

Branches:
Dungeon (2/15)

Altars:

Annotations:
D:2 Sigmund


Innate Abilities, Weirdness & Mutations

Your plain brown scales are hard. (AC +5)
You cannot fit into any form of body armour.
You are cold-blooded and may be slowed by cold attacks.


Message History

You hit Sigmund.
Sigmund is lightly wounded.
Sigmund hits you with a scythe!
* * * LOW HITPOINT WARNING * * *
You hit Sigmund.
Sigmund is moderately wounded.
You hit Sigmund.
Sigmund is moderately wounded.
Sigmund completely misses you.
You barely miss Sigmund.
Sigmund is moderately wounded.
You puncture Sigmund!
Sigmund is severely wounded.
Sigmund mumbles some strange words.
Sigmund flickers and vanishes!
Deactivating autopickup; reactivate with Ctrl-A.
You barely miss something. Something hits you.
* * * LOW HITPOINT WARNING * * *
You closely miss something. Something hits you!
You die...

...###.#####...####.####
#............#.........#
#..###.###.#...####.##.#
.. ...# #.##.###...##.#
##### #.##.##.....#.#
###.##.##.....#.#
...##.##.....#.###
...#####.##.###...##...)
#....{@....# ##.#######
#######.#### #.######.
#.# #........ ..#
######### ####


There were no monsters in sight!

Vanquished Creatures
  2 worms
  A dart slug (D:1)
  2 bats (D:1)
  2 goblins (D:1)
  2 hobgoblins
  5 jackals (D:1)
  A ball python (D:2)
  3 frilled lizards
  11 kobolds
  6 rats
35 creatures vanquished.

Notes
Turn   | Place    | Note
-------+----------+-------------------------------------------
     0 | D:1      | rrRat the Draconian Berserker began the quest for the Orb.
     0 | D:1      | Reached XP level 1. HP: 19/19 MP: 1/1
    88 | D:1      | Reached XP level 2. HP: 19/26 MP: 2/2
   457 | D:1      | Reached ** piety under Trog
   609 | D:1      | Reached XP level 3. HP: 31/33 MP: 3/3
  1059 | D:2      | Reached skill level 4 in Fighting
  1123 | D:2      | Noticed Sigmund
  1138 | D:2      | Slain by Sigmund

Skill      XL: |  1  2  3 |
---------------+----------+-----
Dodging        | 3 |  3.1
Fighting       | 4 |  4.0
Polearms       | |  3.5

Action                   || total
-------------------------++-------
Melee: Spear             ||   129
       Tailslap          ||    15
  Use: Scroll            ||     6
Armor: Skin              ||    42
Dodge: Dodged            ||    85
